 Dungeon Crawl Stone Soup version 0.30-a0-857-gcaf70739d4 (webtiles) character file.

Game seed: 10558092169337849500

51 ragingrage the Cudgeller (level 3, -2/21 HPs)
             Began as a Gargoyle Warper on Mar 6, 2023.
             Was a Follower of Vehumet.
             Slain by a gnoll
             ... wielding a +0 flail
              (7 damage)
             ... on level 2 of the Dungeon.
             The game lasted 00:01:58 (1435 turns).

ragingrage the Cudgeller (Gargoyle Warper)          Turns: 1435, Time: 00:01:59

Health: -2/21      AC: 10    Str: 14    XL:     3   Next: 81%
Magic:  6/6        EV: 10    Int: 15    God:    Vehumet [*.....]
Gold:   81         SH:  0    Dex:  9    Spells: 3/6 levels left

rFire   . . .      SeeInvis .    a - +0 mace
rCold   . . .      Faith    .    (no shield)
rNeg    + . .      Spirit   .    h - +0 ring mail
rPois   ∞          Reflect  .    (no helmet)
rElec   +          Rampage  .    j - +1 cloak
rCorr   .                        (no gloves)
Will    .....                    (no boots)
Stlth   +                        q - amulet of magic regeneration
HPRegen 0.23/turn                (no ring)
MPRegen 0.50/turn                (no ring)

@: no status effects
A: sickness immunity, AC +3, negative energy resistance 1, electricity
resistance, torment resistance 1, petrification resistance
a: Renounce Religion


You were on level 2 of the Dungeon.
You worshipped Vehumet.
Vehumet was aware of your devotion.
You visited 1 branch of the dungeon, and saw 2 of its levels.

You collected 81 gold pieces.

Inventory:

Hand Weapons
 a - a +0 mace (weapon)
 n - a +0 rapier
Missiles
 d - 7 boomerangs of dispersal (quivered)
 g - 2 poisoned darts
Armour
 b - a +0 leather armour
 h - a +0 ring mail (worn)
 j - a +1 cloak (worn)
Jewellery
 q - an amulet of magic regeneration (around neck)
Scrolls
 c - a scroll of blinking
 e - 2 scrolls of identify {unknown}
 k - a scroll of noise {unknown}
 l - a scroll of immolation {unknown}
 m - a scroll of fear {unknown}
 o - a scroll of teleportation {unknown}
 p - a scroll of magic mapping {unknown}
Potions
 f - 2 potions of might {unknown}
 i - a potion of attraction {unknown}


   Skills:
 - Level 2.1 Fighting
 - Level 3.5 Maces & Flails
 - Level 0.8 Throwing
 - Level 1.1 Armour
 - Level 1.5 Dodging
 + Level 1.9 Stealth
 - Level 2.0 Spellcasting
 - Level 2.6 Translocations


You had 3 spell levels left.
You knew the following spells:

 Your Spells              Type           Power      Damage    Failure   Level
a - Kiss of Death         Conj/Necr      4%         2d5       41%         1
b - Blink                 Tloc           18%        N/A       22%         2

Your spell library contained the following spells:

 Spells                   Type           Power      Damage    Failure   Level
 Freeze                   Ice            4%         1d3       41%         1
 Lesser Beckoning         Tloc           18%        N/A       22%         2
 Teleport Other           Tloc           9%         N/A       41%         3
 Ensorcelled Hibernation  Hex/Ice        2%         N/A       56%         2
 Passwall                 Tmut/Erth      0%         N/A       56%         2
 Vhi's Electric Charge    Tloc/Air       10%        N/A       61%         3
 Swiftness                Air            1%         N/A       80%         3
 Manifold Assault         Tloc           9%         N/A       83%         4


Dungeon Overview and Level Annotations

Branches:
Dungeon (2/15)

Altars:
Vehumet


Innate Abilities, Weirdness & Mutations

You are immune to sickness and miasma.
Your stone body is resilient. (AC +3)
You are immune to poison.
You resist negative energy. (rN+)
You are resistant to electric shocks. (rElec)
You are resistant to unholy torment.
You are immune to petrification.


Message History

No target in view!
No target in view!
No target in view!
You start putting on your amulet.
You continue putting on your amulet of magic regeneration. x5
You finish putting on your amulet of magic regeneration.
q - an amulet of magic regeneration (around neck)
You open the door.
There is a stone staircase leading down here.
You open the door.
There is an open door here.
You now have 81 gold pieces (gained 7).
A goblin comes into view. It is wielding a +0 club.
The goblin shouts!
A gnoll comes into view. It is wielding a +0 flail. x2
Okay, then.
What are your orders? t - Shout!
Orders for allies: a - Attack new target. r - Retreat! s - Stop attacking. g - Guard the area. f - Follow me.
Anything else - Cancel.
You shout for attention!
The gnoll shouts! x2
A gnoll comes into view. It is wielding a +0 whip.
You swing at nothing.
The goblin hits you with a +0 club.
You hit the goblin. The goblin hits you but does no damage.
You closely miss the goblin. The goblin closely misses you.
You hit the goblin.
You kill the goblin!
Vehumet accepts your kill.
You hit the gnoll. The gnoll barely misses you.
The gnoll hits you with a +0 flail!
You barely miss the gnoll. The gnoll misses you.
You barely miss the gnoll. The gnoll hits you but does no damage.
You hit the gnoll but do no damage. The gnoll hits you with a +0 flail.
You hit the gnoll but do no damage. The gnoll hits you with a +0 flail.
* * * LOW HITPOINT WARNING * * *
You sock the gnoll! The gnoll hits you but does no damage.
The gnoll hits you with a +0 flail!
You die...

.....###.###.#
.....# #.###.#
.....###.....#####
.....##..........#
..... #.####..##.#
..... #......>##.#
##########.# #.#
#@# #g# #.# #.#
..g.... #.#
...g.g. #.#
....... #.#
...g... #.#
....... #.#


You could see a gnoll.

Vanquished Creatures
  2 adders (D:2)
  4 endoplasms
  A giant cockroach (D:1)
  5 goblins
  3 hobgoblins
  A quokka (D:1)
  A ball python (D:1)
  6 bats
  4 frilled lizards (D:1)
  2 kobolds (D:1)
  4 rats
33 creatures vanquished.

Notes
Turn   | Place    | Note
-------+----------+-------------------------------------------
     0 | D:1      | ragingrage the Gargoyle Warper began the quest for the Orb.
     0 | D:1      | Reached XP level 1. HP: 12/12 MP: 3/3
   390 | D:1      | Reached XP level 2. HP: 17/17 MP: 5/5
   452 | D:1      | Found a faded altar of an unknown god.
   470 | D:1      | Prayed at the altar of an unknown god.
   470 | D:1      | Became a worshipper of Vehumet
   470 | D:1      | Reached * piety under Vehumet
   470 | D:1      | Offered knowledge of Kiss of Death by Vehumet.
   583 | D:1      | Reached skill level 3 in Maces & Flails
   713 | D:1      | Reached XP level 3. HP: 21/21 MP: 6/6
   745 | D:1      | Learned a level 1 spell: Kiss of Death
   748 | D:1      | Learned a level 2 spell: Blink
  1049 | D:2      | Offered knowledge of Freeze by Vehumet.
  1050 | D:2      | Reached skill level 1 in Stealth
  1435 | D:2      | Slain by a gnoll

Illustrated notes

Levels and vault maps discovered:
D:1:      lemuel_arrival_muddy, layout_basic,
          shapermc_ecumenical_altar_notcrosses
D:2:      layout_basic, minivault_11, hangedman_decor_riveting

Skill      XL: |  1  2  3 |
---------------+----------+-----
Maces & Flails | 3 |  3.5
Stealth        | 1 |  1.9
Fighting       | |  2.1
Throwing       | |  0.8
Armour         | |  1.1
Dodging        | |  1.5
Spellcasting   | |  2.0
Translocations | |  2.6

Action                     || total
---------------------------++-------
  Melee: Mace              ||   119
 Armour: Leather armour    ||    37
         Ring mail         ||    27
  Dodge: Dodged            ||    83

Table legend: (Time is in decaauts)
 A = Elapsed time spent in this place.
 B = Non-inter-level travel time spent in this place.
 C = Inter-level travel time spent in this place.
 D = Time resting spent in this place.
 E = Time spent auto-exploring this place.
 F = Levels seen in this place.
 G = Mean time per level.
                   A        B        C        D        E       F      G
               +--------+--------+--------+--------+--------+-----+--------+
         Total |   1477 |   1451 |     26 |     59 |    954 |   2 |  738.5 |
       Dungeon |   1477 |   1451 |     26 |     59 |    954 |   2 |  738.5 |
               +--------+--------+--------+--------+--------+-----+--------+

Top non-repeatable levels by time:
     D:1: 901 daAuts
     D:2: 576 daAuts
